 Dungeon Crawl Stone Soup version 0.31-a0-595-g4209ae197b (webtiles) character file.

Game seed: 8853780468096750637

25 Descartes the Changeling (level 2, -1/12 HPs)
             Began as a Felid Shapeshifter on Aug 20, 2023.
             Slain by Terence
             ... wielding a +0 flail
              (9 damage)
             ... on level 2 of the Dungeon.
             The game lasted 00:01:15 (878 turns).

Descartes the Changeling (Felid Shapeshifter)        Turns: 878, Time: 00:01:16

Health: -1/12      AC:  1    Str: 11    XL:     2   Next: 82%
Magic:  3/3        EV: 18    Int:  9    God:
Gold:   40         SH:  0    Dex: 16    Spells: 1/1 levels left
                                        Lives:  0   Deaths: 0

rFire   . .          .
                       - Unarmed
rCold   . . .        (shield unavailable)
rNeg    . . .        (body armour unavailable)
rPois   .            (helmet unavailable)
rElec   .            (cloak unavailable)
rCorr   .            (gloves unavailable)
SInv    +            (boots unavailable)
Will    .....        (no amulet)
Stlth   +            (no ring)
HPRegen 0.22/turn    (no ring)
MPRegen 0.08/turn

%: no passive effects
@: beast-form, quick
A: beast (slay +2), very small, claws 1, fangs 3, see invisible, speed 1, shaggy
fur 1, stealthy paws, no weapons or thrown items, no armour, multi-lived
a: Begin Untransformation


You were on level 2 of the Dungeon.
You were a hulking beast.
You visited 1 branch of the dungeon, and saw 2 of its levels.

You collected 40 gold pieces.

Inventory:

Jewellery
 h - a ring of fire
Talismans
 b - a beast talisman (active)
 c - a flux talisman
 d - a beast talisman (active)
Scrolls
 e - a scroll of identify {unknown}
Potions
 a - a potion of lignification
 f - a potion of magic {unknown}
 g - a potion of mutation {unknown}


   Skills:
 + Level 1.5 Fighting
 + Level 3.2 Dodging
 + Level 3.3 Unarmed Combat
 + Level 3.5 Shapeshifting


You had one spell level left.
You didn't know any spells.
Your spell library contained the following spells:

 Spells                   Type           Power      Damage    Failure   Level
 Summon Small Mammal      Summ           0%         N/A       38%         1
 Call Canine Familiar     Summ           0%         N/A       77%         3
 Summon Guardian Golem    Hex/Summ       0%         N/A       77%         3


Dungeon Overview and Level Annotations

Branches:
Dungeon (2/15)

Altars:

Annotations:
D:2 Terence


Innate Abilities, Weirdness & Mutations

You are a hulking beast.
Your limbs bulge with bestial killing power. (Slay +2)
You have sharp claws.
You have razor-sharp teeth.
You have supernaturally acute eyesight. (SInv)
You cover ground quickly. (Speed+)
You are covered in fur. (AC +1)
Your paws help you pounce on unaware monsters.
You are incapable of wielding weapons or throwing items.
You cannot wear armour.
You gain extra lives every three experience levels.


Message History

Terence is severely wounded.
Terence hits you with a +0 flail.
* * * LOW HITPOINT WARNING * * *
There is a stone staircase leading up here.
You climb upwards.
There is a stone staircase leading down here.
HP restored.
Done exploring.
You climb downwards.
Level annotation: Terence Terence barely misses you.
Terence closely misses you.
There is a stone staircase leading up here.
You scratch Terence.
Terence is heavily wounded.
You barely miss Terence. Your bite misses Terence.
Terence is heavily wounded.
Terence barely misses you.
You scratch Terence but do no damage.
Terence is heavily wounded.
Terence misses you.
You scratch Terence.
Terence is heavily wounded.
Terence barely misses you.
You scratch Terence.
Terence is heavily wounded.
Terence barely misses you.
You completely miss Terence.
Terence is heavily wounded.
Terence misses you.
You scratch Terence but do no damage.
Terence is heavily wounded.
Terence hits you with a +0 flail.
You scratch Terence. Your bite misses Terence.
Terence is severely wounded.
Terence barely misses you.
You scratch Terence but do no damage.
Terence is severely wounded.
Terence hits you with a +0 flail!
Ouch! That really hurt!
You die...

#..........
#..........
#........#
###........#
..........#
#####........##
#.............#
#..h......#
###...@.....#
.............#
..#P..P..P....#
....♣~...P...#
♣...~~♣~~..♣..#
...P~~~~♣♣P..P..
.P..~~~~~.~......#
P...~♣~~.....[.#


You could see Terence.

Vanquished Creatures
  A dart slug (D:1)
  2 ball pythons (D:1)
  An endoplasm (D:1)
  A giant cockroach (D:1)
  4 hobgoblins (D:1)
  3 jackals (D:1)
  5 bats (D:1)
  A frilled lizard (D:1)
  A kobold (D:1)
  4 rats (D:1)
23 creatures vanquished.

Notes
Turn   | Place    | Note
-------+----------+-------------------------------------------
     0 | D:1      | Descartes the Felid Shapeshifter began the quest for the
                  | Orb.
     0 | D:1      | Reached XP level 1. HP: 9/9 MP: 2/2
   199 | D:1      | Reached XP level 2. HP: 12/12 MP: 3/3
   541 | D:1      | Found a faded altar of an unknown god.
   810 | D:2      | Noticed Terence
   878 | D:2      | Slain by Terence

Illustrated notes

Levels and vault maps discovered:
D:1:      sevenhm_arrival_forest_fort_large_4, layout_basic,
          shapermc_ecumenical_altar_flowoftime, roderic_roman_lattice,
          nrook_campfire
D:2:      layout_basic, serial_bayou_pond_a, uniq_terence, uniq_robin

Skill      XL: |  1 |
---------------+----+-----
Dodging        | 3 |  3.2
Fighting       | |  1.5
Unarmed Combat | |  3.3
Shapeshifting  | |  3.5

Action                     || total
---------------------------++-------
  Melee: Unarmed           ||    82
         Punch             ||     1
         Bite              ||     7
   Stab: Sleeping          ||     1
 Armour: Skin              ||     4
  Dodge: Dodged            ||    50

Table legend: (Time is in decaauts)
 A = Elapsed time spent in this place.
 B = Non-inter-level travel time spent in this place.
 C = Inter-level travel time spent in this place.
 D = Time resting spent in this place.
 E = Time spent auto-exploring this place.
 F = Levels seen in this place.
 G = Mean time per level.
                   A        B        C        D        E       F      G
               +--------+--------+--------+--------+--------+-----+--------+
         Total |    744 |    729 |     15 |      0 |    551 |   2 |  372.0 |
       Dungeon |    744 |    729 |     15 |      0 |    551 |   2 |  372.0 |
               +--------+--------+--------+--------+--------+-----+--------+

Top non-repeatable levels by time:
     D:1: 724 daAuts
     D:2: 20 daAuts
